 Dungeon Crawl Stone Soup version 0.30-a0-1124-g6e8f0f562f (webtiles) character file.

Game seed: 8196600724981534623

124 Twinkles the Ruffian (level 4, -2/40 HPs)
             Began as an Armataur Monk on Apr 23, 2023.
             Succumbed to a water moccasin's poison
             ... on level 3 of the Dungeon.
             The game lasted 00:03:10 (1857 turns).

Twinkles the Ruffian (Armataur Monk)                Turns: 1857, Time: 00:03:10

Health: -2/40      AC:  4    Str: 19    XL:     4   Next: 81%
Magic:  4/4        EV: 10    Int: 10    God:
Gold:   108        SH:  0    Dex: 12    Spells: 3/3 levels left

rFire   . .          .
                       - Unarmed
rCold   . . .        c - orb {light}
rNeg    . . .        a - +0 robe
rPois   .            (no helmet)
rElec   .            (no cloak)
rCorr   .            (no gloves)
SInv    .            (no barding)
Will    .....        (no amulet)
Stlth   +            (no ring)
HPRegen 0.26/turn    (no ring)
MPRegen 0.09/turn

%: roll
@: lethally poisoned (-2 -> -26), glowing
A: large, rugged brown scales 3, deformed body, armoured tail, roll, long
tongue, awkward tongue
a: no special abilities


You were on level 3 of the Dungeon.
You visited 1 branch of the dungeon, and saw 3 of its levels.

You collected 108 gold pieces.

Inventory:

Armour
 a - a +0 robe (worn)
 c - an orb of light (worn)
Jewellery
 j - an amulet of faith
Scrolls
 b - a scroll of torment {unknown}
 d - 2 scrolls of fog {unknown}
 e - 2 scrolls of identify {unknown}
 f - a scroll of noise {unknown}
 g - a scroll of teleportation {unknown}
 l - a scroll of fear {unknown}
Potions
 h - 3 potions of degeneration {unknown}
 i - 3 potions of heal wounds {unknown}
 k - a potion of berserk rage {unknown}
 G - a potion of ambrosia


   Skills:
 + Level 3.4 Fighting
 + Level 2.9 Dodging
 * Level 3.9 Unarmed Combat


You had 3 spell levels left.
You didn't know any spells.
Your spell library contained the following spells:

 Spells                   Type           Power      Damage    Failure   Level
 Cigotuvi's Dreadful Rot  Necr/Pois/Air  0%         N/A       50%         2
 Ignite Poison            Fire/Tmut/Pois 0%         N/A       75%         3
 Freezing Cloud           Conj/Ice/Air   0%         6-21      100%        5


Dungeon Overview and Level Annotations

Branches:
Dungeon (3/15) Zot: 16150

Altars:

Shops:
D:1 *   D:3 (


Innate Abilities, Weirdness & Mutations

You are completely covered in rugged brown scales. (AC +3, +7% HP)
Armour fits poorly on your strangely shaped body.
You have a long armoured tail.
You roll when moving toward enemies. (Rampage)
Your long tongue fully drains potion bottles. (2x potion effects)
Your tongue gives you trouble enunciating. (1.5x scroll delay)


Message History

The water moccasin moves out of view.
A water moccasin is nearby!
You roll towards the water moccasin!
You closely miss the water moccasin. The water moccasin barely misses you.
You closely miss the water moccasin. The water moccasin bites you.
You are poisoned.
The water moccasin poisons you!
You hit the water moccasin.
The water moccasin is moderately wounded.
You feel very sick. The water moccasin closely misses you.
The water moccasin bites you but does no damage.
You closely miss the water moccasin.
The water moccasin is lightly wounded.
You feel sick. The water moccasin closely misses you.
You hit the water moccasin.
The water moccasin is heavily wounded.
You feel sick. The water moccasin bites you!
You hit the water moccasin but do no damage.
The water moccasin is heavily wounded.
You feel sick. The water moccasin bites you.
You are more poisoned.
The water moccasin poisons you!
You hit the water moccasin but do no damage.
The water moccasin is heavily wounded.
You feel very sick. The water moccasin bites you.
You are lethally poisoned!
The water moccasin poisons you! The water moccasin bites you.
* * * LOW HITPOINT WARNING * * *
You barely miss the water moccasin.
Your tail-slap misses the water moccasin.
The water moccasin is heavily wounded.
* * * LOW HITPOINT WARNING * * *
You feel very sick. The water moccasin bites you.
* * * LOW HITPOINT WARNING * * *
You hit the water moccasin.
The water moccasin is severely wounded.
You die...

...# #.... ...# ######
#..< ...## #....#
#..######
....###.##.#####........
###.....##.#...#........
####..##.#.#.#.#######
#...#.#.#.#.......#
##..#.#†#.#S#(#...# #.
#....#.#.#@#.# .....
#.##.#.#.#.# # #.#
#......#.#.# ...
###....#.#.#####.####
#....#.#....[......
#....#.#.##)..####
#......###..#####
#..................
##.##...†##########


You could see a water moccasin.

Vanquished Creatures
  Natasha (twice) (D:2)
  4 adders
  2 dart slugs
  2 ball pythons (D:1)
  2 endoplasms (D:1)
  A giant cockroach (D:2)
  5 goblins
  2 hobgoblins (D:2)
  4 kobolds
  2 quokkas (D:2)
  3 bats
  2 frilled lizards
  6 rats
37 creatures vanquished.

Vanquished Creatures (others)
  6 plants (D:2)
6 creatures vanquished.

Grand Total: 43 creatures vanquished

Notes
Turn   | Place    | Note
-------+----------+-------------------------------------------
     0 | D:1      | Twinkles the Armataur Monk began the quest for the Orb.
     0 | D:1      | Reached XP level 1. HP: 19/19 MP: 1/1
   201 | D:1      | Reached XP level 2. HP: 23/26 MP: 2/2
   272 | D:1      | Found Sudafusu's Assorted Antiques.
   329 | D:1      | Found a faded altar of an unknown god.
   774 | D:2      | HP: 8/27 [poisoned by an adder]
   949 | D:2      | Reached XP level 3. HP: 33/33 MP: 3/3
   971 | D:2      | Noticed Natasha
   981 | D:2      | Killed Natasha
  1199 | D:2      | Identified the +1 hand axe "Gawyrore" {pain, rF+ Will++}
  1300 | D:2      | Reached XP level 4. HP: 36/40 MP: 4/4
  1626 | D:2      | Noticed Natasha
  1631 | D:2      | Killed Natasha
  1671 | D:3      | Found Heawoiz's Weapon Shop.
  1843 | D:3      | Noticed a water moccasin
  1855 | D:3      | HP: 10/40 [water moccasin (4)]
  1856 | D:3      | HP: 3/40 [water moccasin (2)]
  1857 | D:3      | Succumbed to a water moccasin's poison

Illustrated notes

Levels and vault maps discovered:
D:1:      heliophobic_arrival_glass_houses, layout_basic, serial_shops, shop,
          ebering_ecumenical_altar_box, chequers_serial_rivers_large_a
D:2:      layout_loops_ring, serial_bayou_lagoon_a, uniq_natasha
D:3:      layout_basic, serial_shops, nicolae_shop_hallway_stairs

Skill      XL: |  1  2 |
---------------+-------+-----
Unarmed Combat | 3 |  3.9
Fighting       | 3 |  3.4
Dodging        | |  2.9

Action                     |  1- 3 |  4- 6 || total
---------------------------+-------+-------++-------
  Melee: Unarmed           |    73 |    40 ||   113
         Tailslap          |     7 |     4 ||    11
 Armour: Robe              |    17 |     6 ||    23
  Dodge: Dodged            |    32 |    11 ||    43

Table legend: (Time is in decaauts)
 A = Elapsed time spent in this place.
 B = Non-inter-level travel time spent in this place.
 C = Inter-level travel time spent in this place.
 D = Time resting spent in this place.
 E = Time spent auto-exploring this place.
 F = Levels seen in this place.
 G = Mean time per level.
                   A        B        C        D        E       F      G
               +--------+--------+--------+--------+--------+-----+--------+
         Total |   1849 |   1811 |     38 |     82 |   1481 |   3 |  616.3 |
       Dungeon |   1849 |   1811 |     38 |     82 |   1481 |   3 |  616.3 |
               +--------+--------+--------+--------+--------+-----+--------+

Top non-repeatable levels by time:
     D:2: 910 daAuts
     D:1: 755 daAuts
     D:3: 184 daAuts
